 Dungeon Crawl Stone Soup version 0.21-a0-471-gd587bd5 (webtiles) character file.

60 dududu the Changer (level 3, -11/16 HPs)
             Began as a Felid Transmuter on Nov 21, 2017.
             Mangled by a centaur
             ... wielding a +2 battleaxe of venom
              (27 damage)
             ... on level 3 of the Dungeon.
             The game lasted 00:14:39 (2661 turns).

dududu the Changer (Felid Transmuter)               Turns: 2661, Time: 00:14:40

Health: -11/16     AC:  1    Str:  6    XL:     3   Next: 80%
Magic:  7/7        EV: 18    Int: 15    God:
Gold:   105        SH:  0    Dex: 16    Spells: 0/6 levels left
                                        Lives:  0   Deaths: 1

rFire    . . .     SeeInvis +     - Unarmed
rCold    . . .     Gourm    .   (shield unavailable)
rNeg     . . .     Faith    .   (armour unavailable)
rPois    .         Spirit   .   (helmet unavailable)
rElec    .         Reflect  .   (cloak unavailable)
rCorr    .         Harm     .   (gloves unavailable)
MR       .....                  (boots unavailable)
Stlth    ++........             (no amulet)
HPRegen  0.05/turn              (no ring)
MPRegen  0.10/turn              (no ring)

@: hasted, very quick
A: no armour, no weapons or thrown items, stealth, claws 1, fangs 3, see
invisible, carnivore 3, speed 1, shaggy fur 1, slow metabolism 1, sharp paws
a: no special abilities


You were on level 3 of the Dungeon.
You were not hungry.

You visited 1 branch of the dungeon, and saw 3 of its levels.

You collected 105 gold pieces.

Inventory:

Missiles
 a - 17 arrows
Jewellery
 l - a +4 ring of protection {unknown}
Scrolls
 d - a scroll of fear {unknown}
 e - a scroll of fog {unknown}
 g - a scroll of magic mapping {unknown}
 j - a scroll of teleportation
Potions
 f - a potion of flight
 h - a potion of curing
 k - a potion of brilliance {unknown}
Books
 b - a book of Changes

   Spells                             Type                      Level
   a - Beastly Appendage              Transmutation                1
   b - Sticks to Snakes               Transmutation                2
   c - Spider Form                    Transmutation/Poison         3
   d - Ice Form                       Ice/Transmutation            4
   e - Blade Hands                    Transmutation                5
Comestibles
 c - 2 meat rations
 m - a royal jelly


   Skills:
 + Level 1.7 Fighting
 - Level 2.9 Dodging
 + Level 3.9 Unarmed Combat
 + Level 2.1 Spellcasting
 - Level 4.0 Transmutations
 - Level 1.0 Poison Magic


You couldn't memorise any spells.
You knew the following spells:

 Your Spells              Type           Power        Failure   Level  Hunger
a - Beastly Appendage     Tmut           ##....       4%          1    #......
b - Sticks to Snakes      Tmut           ##......     6%          2    ###....
c - Spider Form           Tmut/Pois      #.........   24%         3    ###....


Dungeon Overview and Level Annotations

Branches:
Dungeon (3/15)

Altars:
The Shining One


Innate Abilities, Weirdness & Mutations

You cannot wear armour.
You are incapable of wielding weapons or throwing items.
Your paws allow you to move quietly. (Stealth)
You have sharp claws.
You have razor-sharp teeth.
You have supernaturally acute eyesight. (SInv)
You are carnivorous and can eat meat at any time.
You cover ground quickly.
You are covered in fur. (AC +1)
You have a slow metabolism.
Your sharp claws are effective at attacking unaware monsters.


Message History

You hit the centaur but do no damage.
The centaur looks as sick as possible!
The centaur is moderately wounded.
Your transformation has ended.
The centaur hits you with a battleaxe of venom!!
Ouch! That really hurt!
You die...
You are lethally poisoned!
The giant cockroach misses you.
The centaur hits you with a +2 battleaxe of venom!
You are more poisoned.
You are now level 3!
You rejoin the land of the living...
You hear a shout!
You hear a shout!
You aren't carrying any items that you can evoke.
Unknown command.
You feel yourself speed up.
The centaur hits you with a +2 battleaxe of venom!!
Ouch! That really hurt!
You die...

#.....<## ####....#
#.......### #..####
#######.(.#####.....#
###)#.....###.# ###
#.#.##### #.#
.....###.#.# #.#
#.......# #.#
#####..########.##
##..)...c@..#..#
#...#######.##.##
#.#(#######...).#
####..........###..#
#..............#####
#.................#
#.##..............# .
#.............)#
#..............#


You could see a centaur (berserk).

Vanquished Creatures
  4 adders (D:2)
  An ooze (D:1)
  3 worms
  4 dart slugs
  A leopard gecko (D:2)
  4 orcs (D:3)
  3 giant cockroaches
  9 goblins
  9 hobgoblins
  3 jackals (D:1)
  7 kobolds
  7 bats (D:1)
  2 frilled lizards (D:2)
  2 rats (D:1)
59 creatures vanquished.

Vanquished Creatures (collateral kills)
  A worm (D:2)
  A dart slug (D:2)
  A kobold (D:2)
  A bat (D:2)
4 creatures vanquished.

Grand Total: 63 creatures vanquished

Notes
Turn   | Place    | Note
-------+----------+-------------------------------------------
     0 | D:1      | dududu the Felid Transmuter began the quest for the Orb.
     0 | D:1      | Reached XP level 1. HP: 9/9 MP: 4/4
   153 | D:1      | Reached XP level 2. HP: 12/12 MP: 4/6
   239 | D:1      | Learned a level 2 spell: Sticks to Snakes
   572 | D:1      | Reached XP level 3. HP: 15/15 MP: 5/7
   592 | D:1      | Learned a level 3 spell: Spider Form
  1113 | D:2      | Reached skill level 3 in Transmutations
  1492 | D:2      | Reached XP level 4. HP: 19/19 MP: 6/8
  2342 | D:2      | Found a glowing golden altar of the Shining One.
  2546 | D:3      | Reached skill level 1 in Poison Magic
  2640 | D:3      | Noticed a centaur
  2643 | D:3      | Reached skill level 4 in Transmutations
  2650 | D:3      | Mangled by a centaur
  2651 | D:3      | Reached XP level 3. HP: -6/16 MP: 7/7
  2661 | D:3      | Mangled by a centaur

Vault maps used:
D:1:      onia_arrival_pentagram
D:2:      lemuel_coloured_pillars_altar, serial_glass, glass_columns_b,
          glass_columns_a, glass_columns_c, glass_columns_c, item_on_display_b,
          first_bread, minmay_quantized

Skill      XL: |  1  2  3  4 |
---------------+-------------+-----
Transmutations | 3 4 |  4.0
Poison Magic   | 1 |  1.0
Fighting       | |  1.7
Dodging        | |  2.9
Unarmed Combat | |  3.9
Spellcasting   | |  2.1

Action                   |  1- 3 |  4- 6 || total
-------------------------+-------+-------++-------
Melee: Unarmed           |   116 |    61 ||   177
       Headbutt          |    11 |     4 ||    15
       Bite              |     7 |     4 ||    11
       Punch             |       |     1 ||     1
 Cast: Beastly Appendage |    22 |    12 ||    34
       Sticks to Snakes  |     6 |     1 ||     7
       Spider Form       |       |     2 ||     2
  Use: Potion            |     2 |       ||     2
       Scroll            |       |     4 ||     4
 Stab: Sleeping          |     1 |     3 ||     4
  Eat: Chunk             |     9 |     2 ||    11
Armor: Skin              |     7 |       ||     7
Dodge: Dodged            |   104 |    33 ||   137

Table legend:
 A = Spawn XP
 B = Non-spawn XP
 C = Spawn XP percentage of total XP
 D = Spawn monster count
 E = Non-spawn monster count
 F = Spawn count percentage of total count
 G = Total turns spent on level
                    A         B        C        D         E        F      G
               +---------+---------+-------+---------+---------+-------+---------
         Total |       0 |     178 |   0.0 |       0 |      63 |   0.0 |  2661
               +---------+---------+-------+---------+---------+-------+---------
           D:1 |       0 |      55 |   0.0 |       0 |      27 |   0.0 |   974
           D:2 |       0 |      94 |   0.0 |       0 |      25 |   0.0 |  1483
           D:3 |       0 |      29 |   0.0 |       0 |      11 |   0.0 |   204
               +---------+---------+-------+---------+---------+-------+---------
